 Dungeon Crawl Stone Soup version 0.20-a0-689-g860b9ab (webtiles) character file.

102 Alarkh the Magician (level 4, -9/30 HPs)
             Began as a Mummy Fire Elementalist on Feb 19, 2017.
             Killed by divine providence
             ... invoked by an orc priest
              (14 damage)
             ... on level 3 of the Dungeon.
             The game lasted 00:03:46 (2539 turns).

Alarkh the Magician (Mummy Fire Elementalist)       Turns: 2539, Time: 00:03:47

Health: -9/30      AC:  2    Str: 11    XL:     4   Next: 49%
Magic:  10/10      EV: 12    Int: 15    God:
Gold:   124        SH:  0    Dex: 12    Spells: 4/11 levels left

rFire    . . .     SeeInvis .   n - +2 long sword (freeze)
rCold    + . .     Gourm    .   a - +0 robe
rNeg     + + +     Faith    .   (no shield)
rPois    ∞         Spirit   .   (no helmet)
rElec    .         Reflect  .   (no cloak)
rCorr    .         Harm     .   (no gloves)
MR       .....                  (no boots)
Stlth    +++.......             (no amulet)
Regen    0.1/turn               g - ring of protection from fire
MPRegen  0.2/turn               f - ring of stealth

@: no status effects
A: no food or potions, fire vulnerability, cold resistance 1, negative energy
resistance 3, torment resistance, unbreathing
a: no special abilities


You were on level 3 of the Dungeon.
You were not hungry.

You visited 1 branch of the dungeon, and saw 3 of its levels.

You collected 124 gold pieces.

Inventory:

Hand Weapons
 n - a +2 long sword of freezing (weapon)
Armour
 a - a +0 robe (worn)
 i - a +2 shield
Jewellery
 f - a ring of stealth (left hand)
 g - a ring of protection from fire (right hand)
Scrolls
 c - a scroll of recharging {unknown}
 d - a scroll of random uselessness
 e - 3 scrolls of identify {unknown}
 h - a scroll of remove curse {unknown}
 j - 3 scrolls of amnesia {unknown}
 k - 2 scrolls of blinking {unknown}
 l - 2 scrolls of enchant weapon {unknown}
 m - a scroll of teleportation {unknown}
Books
 b - a book of Flames

   Spells                             Type                      Level
   a - Flame Tongue                   Conjuration/Fire             1
   b - Throw Flame                    Conjuration/Fire             2
   c - Conjure Flame                  Conjuration/Fire             3
   d - Inner Flame                    Hexes/Fire                   3
   e - Sticky Flame                   Conjuration/Fire             4
   f - Fireball                       Conjuration/Fire             5


   Skills:
 * Level 1.2 Long Blades
 - Level 1.5 Dodging
 - Level 1.5 Stealth
 + Level 4.0 Spellcasting
 + Level 1.9 Conjurations
 + Level 2.8 Fire Magic


You had 4 spell levels left.
You knew the following spells:

 Your Spells              Type           Power        Failure   Level  Hunger
a - Flame Tongue          Conj/Fire      ##...        10%         1    N/A
e - Conjure Flame         Conj/Fire      ##......     24%         3    N/A
r - Inner Flame           Hex/Fire       #.......     34%         3    N/A

Dungeon Overview and Level Annotations

Branches:
Dungeon (3/15)

Altars:
Gozag
Makhleb
Xom

Annotations:
D:3 Natasha


Innate Abilities, Weirdness & Mutations

You do not eat or drink.
Your flesh is vulnerable to fire.
You are immune to poison.
Your flesh is cold resistant. (rC+)
You are immune to negative energy. (rN+++)
You are immune to unholy pain and torment.
You can survive without breathing.


Message History

You see here a dagger.
An orc comes into view. It is wielding a hand axe.
The orc priest shouts!
You hear a shout!
An orc comes into view. It is wielding a whip.
There are monsters nearby!
The orc shouts!
A kobold comes into view. It is wielding a dagger.
The kobold shouts!
The orc shouts!
The orc priest shouts!
You hear a shout!
The orc priest begins to cast a cantrip, but forgets the words!
The orc priest invokes the aid of Beogh against you.
Beogh smites you!
The orc priest calls down the wrath of Beogh upon you.
Beogh smites you!
Ouch! That really hurt!
* * * LOW HITPOINT WARNING * * *
The orc priest begins to cast a cantrip, but forgets the words!
The orc priest invokes the aid of Beogh against you.
Beogh smites you!
You die...

#.#.#####.........####...#.[#..##
#.#.....#........K# #.⌠.#..#..#
.###.####.......o.# #o..#..#.##
##.....##.######.o# ##..##)#.#
#.8...8.#.# #..# #o......#
#.......#†# #..# +..P.P..#
...._.....# #..# #Kh####.#
#.......### #..# #..' #.#
#.8...8.# #@.# #...# #.#
##.....## #..# #...# #.# .###.###
#..####P..P P.# .....# #<........
.# ###### #............
#......###### #......# #........
#.###+###.


You could see 2 orc priests and a kobold.

Vanquished Creatures
  An orc wizard (D:3)
  2 adders (D:2)
  A dart slug (D:2)
  A leopard gecko (D:2)
  4 orcs (D:3)
  4 bats
  5 goblins
  5 hobgoblins
  4 jackals (D:3)
  6 kobolds
  2 frilled lizards
  10 rats
45 creatures vanquished.

Vanquished Creatures (others)
  A plant (D:3)
1 creature vanquished.

Grand Total: 46 creatures vanquished

Notes
Turn   | Place    | Note
-------+----------+-------------------------------------------
     0 | D:1      | Alarkh the Mummy Fire Elementalist began the quest for the Orb.
     0 | D:1      | Reached XP level 1. HP: 13/13 MP: 4/4
   520 | D:1      | Reached skill level 3 in Spellcasting
   520 | D:1      | Reached skill level 1 in Conjurations
   850 | D:2      | Reached XP level 2. HP: 19/19 MP: 4/6
  1200 | D:2      | Reached XP level 3. HP: 24/24 MP: 6/8
  1205 | D:2      | Learned a level 3 spell: Conjure Flame
  1209 | D:2      | Learned a level 3 spell: Inner Flame
  1572 | D:2      | Found a burning altar of Makhleb.
  1573 | D:2      | Found a shimmering altar of Xom.
  2110 | D:3      | Reached skill level 1 in Long Blades
  2110 | D:3      | Reached skill level 4 in Spellcasting
  2110 | D:3      | Reached XP level 4. HP: 16/30 MP: 3/10
  2295 | D:3      | Found an opulent altar of Gozag.
  2330 | D:3      | Noticed Natasha
  2539 | D:3      | Killed from afar by an orc priest

Vault maps used:
D:1:      saegor_arrival_simple_d, minmay_bisected
D:2:      gammafunk_temple_overflow_statue, first_bread
D:3:      corexii_shack_village, lemuel_doored_altar, grunt_gozag_statues,
          minivault_26, uniq_natasha

Skill      XL: |  1  2  3 |
---------------+----------+-----
Spellcasting   | 3 4 |  4.0
Conjurations   | 1 |  1.9
Long Blades    | 1 |  1.2
Dodging        | |  1.5
Stealth        | |  1.5
Fire Magic     | |  2.8

Action                   |  1- 3 |  4- 6 || total
-------------------------+-------+-------++-------
Melee: Long sword        |     7 |     1 ||     8
 Cast: Flame Tongue      |    73 |    16 ||    89
  Use: Scroll            |     1 |       ||     1
 Stab: Sleeping          |     1 |       ||     1
Armor: Robe              |     9 |     6 ||    15
Dodge: Dodged            |    25 |    12 ||    37
       Rpst.: Long sword |     5 |     4 ||     9
